 Dungeon Crawl Stone Soup version 0.20.1-1-g8b1a95d (webtiles) character file.

3175 dohliylev the Covert (level 9, 0/59 HPs)
             Began as a Vampire Enchanter on Dec 7, 2017.
             Was a Believer of Nemelex Xobeh.
             Killed from afar by an orc wizard (8 damage)
             ... with a magic dart
             ... on level 8 of the Dungeon.
             The game lasted 00:35:53 (8644 turns).

dohliylev the Covert (Vampire Enchanter)            Turns: 8644, Time: 00:35:54

Health: 0/59       AC:  0    Str:  7    XL:     9   Next: 63%
Magic:  8/16       EV: 29    Int: 18    God:    Nemelex Xobeh [**....]
Gold:   553        SH:  0    Dex: 22    Spells: 9/18 levels left

rFire    . . .     SeeInvis +   (weapon currently unavailable)
rCold    . . .     Gourm    .   (shield currently unavailable)
rNeg     + . .     Faith    +   (armour currently unavailable)
rPois    .         Spirit   .   (helmet currently unavailable)
rElec    .         Reflect  .   (cloak currently unavailable)
rCorr    .         Harm     .   (gloves currently unavailable)
MR       .....                  (boots currently unavailable)
Stlth    ++++++++..             g - amulet of faith
Regen    0.2/turn               (ring currently unavailable)
MPRegen  0.2/turn               (ring currently unavailable)

@: bat-form, flying, slowed, quick
A: fangs 3, see invisible
a: End Transformation, Renounce Religion


You were on level 8 of the Dungeon.
You worshipped Nemelex Xobeh.
Nemelex Xobeh was pleased with you.
You were not thirsty.
You were in vampire-bat-form.
You visited 2 branches of the dungeon, and saw 10 of its levels.

You collected 553 gold pieces.

Inventory:

Hand Weapons
 a - a +0 dagger of protection (melded)
 m - a +0 dagger of venom
 o - a +0 short sword of electrocution
 A - a +0 blowgun
Missiles
 e - a needle of sleeping
 s - 17 poisoned needles
 N - 8 curare-tipped needles
Armour
 b - a +0 robe
 q - a scarf of spirit shield (melded)
 G - a +0 helmet (melded)
 M - a cursed -2 robe (melded)
Jewellery
 g - an amulet of faith (around neck)
 n - a +3 amulet of reflection
 v - an uncursed amulet of harm
Wands
 H - a wand of lightning (7/15)
Scrolls
 h - 6 scrolls of identify {unknown}
 i - 3 scrolls of enchant armour {unknown}
 k - 2 scrolls of teleportation {unknown}
 p - 2 scrolls of amnesia {unknown}
 w - a scroll of random uselessness {unknown}
 x - 5 scrolls of remove curse {unknown}
 y - a scroll of magic mapping {unknown}
 C - 2 scrolls of noise {unknown}
 I - a scroll of fear {unknown}
 J - 3 scrolls of recharging {unknown}
 K - a scroll of silence {unknown}
Potions
 d - 6 potions of blood
 f - 2 potions of agility {unknown}
 j - a potion of cancellation {unknown}
 r - a potion of brilliance {unknown}
 t - 5 potions of heal wounds {unknown}
 u - a potion of invisibility {unknown}
 B - 3 potions of degeneration {unknown}
 D - 3 potions of curing {unknown}
 F - a potion of experience {unknown}
 L - a potion of haste {unknown}
 O - a potion of berserk rage {unknown}
Books
 c - a book of Maledictions

   Spells                             Type                      Level
   a - Corona                         Hexes                        1
   b - Ensorcelled Hibernation        Hexes/Ice                    2
   c - Confuse                        Hexes                        3
   d - Tukima's Dance                 Hexes                        3
   e - Dazzling Spray                 Conjuration/Hexes            3
 l - a book of Frost

   Spells                             Type                      Level
   a - Freeze                         Ice                          1
   b - Throw Frost                    Conjuration/Ice              2
   c - Ozocubu's Armour               Charms/Ice                   3
   d - Throw Icicle                   Conjuration/Ice              4
   e - Summon Ice Beast               Ice/Summoning                4
Miscellaneous
 z - a plain deck of summoning
 E - a plain deck of summoning
 P - an ornate deck of summoning


   Skills:
 - Level 1.0 Fighting
 - Level 1.1 Short Blades
 - Level 0.1 Throwing
 + Level 8.3 Dodging
 - Level 12.6 Stealth
 - Level 5.0 Spellcasting
 - Level 6.1 Hexes
 - Level 5.3 Ice Magic


You had 9 spell levels left.
You knew the following spells:

 Your Spells              Type           Power        Failure   Level  Hunger
a - Corona                Hex            ####...      1%          1    None
b - Ensorcelled Hibernat  Hex/Ice        ####..       1%          2    #......
c - Confuse               Hex            ####....     3%          3    ##.....
d - Ozocubu's Armour      Chrm/Ice       ##......     13%         3    ##.....


Dungeon Overview and Level Annotations

Branches:
Dungeon (9/15)             Temple (1/1) D:4
   Lair: D:8-11         Orc: D:9-12

Altars:
Ashenzari
Cheibriados
Dithmenos
Elyvilon
Fedhas
Gozag
Hepliaklqana
Kikubaaqudgha
Nemelex Xobeh
Okawaru
Qazlal
Ru
Sif Muna
Trog
Uskayaw
Vehumet
Xom
Yredelemnul
Zin
The Shining One


Innate Abilities, Weirdness & Mutations

You have razor-sharp teeth.
You have supernaturally acute eyesight. (SInv)
((You can survive without breathing.))


Message History

Items here: ( )) [ a leather armour; a mace; 14 arrows; an uncursed shortbow The orc wizard gestures at you while chanting.
You feel yourself slow down.
You see here an arrow.
The orc wizard points at you and mumbles some strange words.
The magic dart hits you!
The orc wizard mumbles some strange words.
The orc wizard blinks!
The orc wizard casts a spell at you. The magic dart hits you!
* * * LOW HITPOINT WARNING * * *
Your magical contamination has completely faded away.
The orc wizard casts a spell at you. The magic dart hits you!
* * * LOW HITPOINT WARNING * * *
The orc wizard points at you and mumbles some strange words.
The magic dart hits you!
You die...
Your body disappears without a glow.

#########
#############....<..#
..)....[........b...#
...#######o.#.......#
....# #...##########
....# ##.###
....###o(# ...###..##
).##.(.## ..[..###
######


You could see an orc wizard.

Vanquished Creatures
  A spriggan (D:7)
  2 orc warriors
  A black bear (D:7)
  5 phantoms
  A sky beast (D:5)
  2 ice beasts (D:6)
  A necrophage (D:8)
  2 ogres
  2 centaurs (D:8)
  Blork the orc (D:6)
  A big kobold (D:7)
  2 scorpions
  4 howler monkeys
  A bullfrog zombie (D:6)
  2 crimson imps
  3 centaur zombies
  2 hounds
  2 orc priests (D:8)
  4 centaur skeletons
  A bullfrog skeleton (D:6)
  A jelly (D:6)
  6 orc wizards
  3 iguanas
  3 worker ants
  Terence (D:3)
  2 hound skeletons (D:8)
  A worker ant zombie (D:6)
  3 gnolls (D:5)
  9 adders
  8 river rats (D:5)
  A shadow imp (D:6)
  An ooze (D:3)
  2 worms
  An adder skeleton (D:5)
  3 dart slugs
  7 leopard geckos
  18 orcs
  7 bats
  4 giant cockroaches
  12 goblins
  14 hobgoblins
  6 jackals
  12 kobolds
  3 quokkas
  4 ball pythons
  4 frilled lizards
  A giant cockroach zombie (D:5)
  A quokka skeleton (D:8)
  22 rats
200 creatures vanquished.

Vanquished Creatures (others)
  A kobold (D:2)
1 creature vanquished.

Grand Total: 201 creatures vanquished

Notes
Turn   | Place    | Note
-------+----------+-------------------------------------------
     0 | D:1      | dohliylev the Vampire Enchanter began the quest for the Orb.
     0 | D:1      | Reached XP level 1. HP: 13/13 MP: 3/3
   619 | D:1      | Reached XP level 2. HP: 19/19 MP: 5/5
   623 | D:1      | Learned a level 2 spell: Ensorcelled Hibernation
  1137 | D:1      | Reached skill level 5 in Hexes
  1166 | D:1      | Reached skill level 5 in Stealth
  1304 | D:1      | Reached XP level 3. HP: 25/25 MP: 6/6
  1668 | D:2      | Learned a level 3 spell: Confuse
  1783 | D:2      | Found a stormy altar of Qazlal.
  1861 | D:2      | Found a white marble altar of Elyvilon.
  2289 | D:2      | Reached XP level 4. HP: 31/31 MP: 4/7
  2312 | D:2      | Reached skill level 1 in Fighting
  2464 | D:3      | Reached skill level 6 in Stealth
  2474 | D:3      | Noticed Terence
  2497 | D:3      | Killed Terence
  2497 | D:3      | Reached skill level 1 in Ice Magic
  2781 | D:3      | Reached XP level 5. HP: 37/37 MP: 2/9
  2982 | D:3      | Found a sacrificial altar of Ru.
  3126 | D:3      | Found a hazy altar of Hepliaklqana.
  3413 | D:4      | Reached skill level 7 in Stealth
  3488 | D:4      | Noticed a phantom
  3513 | D:4      | Killed a phantom
  3513 | D:4      | Reached XP level 6. HP: 40/43 MP: 2/10
  3621 | D:4      | Reached skill level 8 in Stealth
  3739 | D:4      | Found a staircase to the Ecumenical Temple.
  3807 | Temple   | Entered the Ecumenical Temple
  3862 | Temple   | Became a worshipper of Nemelex Xobeh the Trickster
  3996 | D:4      | Received a gift from Nemelex Xobeh
  4469 | D:4      | Reached * piety under Nemelex Xobeh
  4513 | D:5      | Entered Level 5 of the Dungeon
  4553 | D:5      | Noticed a sky beast
  4562 | D:5      | Killed a sky beast
  4562 | D:5      | Reached skill level 9 in Stealth
  4562 | D:5      | Reached XP level 7. HP: 48/48 MP: 7/12
  4570 | D:5      | Received a gift from Nemelex Xobeh
  5203 | D:5      | Reached skill level 10 in Stealth
  5468 | D:6      | Learned a level 3 spell: Ozocubu's Armour
  5541 | D:6      | Reached ** piety under Nemelex Xobeh
  5689 | D:6      | Reached XP level 8. HP: 50/54 MP: 14/14
  5774 | D:6      | Reached skill level 11 in Stealth
  5945 | D:6      | Reached skill level 5 in Spellcasting
  6039 | D:6      | Found an opulent altar of Gozag.
  6074 | D:6      | Reached skill level 12 in Stealth
  6080 | D:6      | Noticed Blork the orc
  6082 | D:6      | Killed Blork the orc
  6591 | D:7      | Reached skill level 5 in Ice Magic
  6729 | D:7      | Reached XP level 9. HP: 49/59 MP: 8/16
  7378 | D:7      | Reached skill level 5 in Dodging
  8021 | D:8      | Received a gift from Nemelex Xobeh
  8547 | D:8      | Noticed a two-headed ogre
  8644 | D:8      | Killed from afar by an orc wizard

Skill      XL: |  1  2  3  4  5  6  7  8  9 |
---------------+----------------------------+-----
Hexes          | 5 6 |  6.1
Stealth        | 5 6 7 9 10 12 | 12.6
Fighting       | 1 |  1.0
Ice Magic      | 1 2 3 5 |  5.3
Spellcasting   | 3 4 5 |  5.0
Dodging        | 3 8 |  8.3
Short Blades   | |  1.1
Throwing       | |  0.1

Action                   |  1- 3 |  4- 6 |  7- 9 || total
-------------------------+-------+-------+-------++-------
Melee: Dagger            |   193 |   162 |   390 ||   745
       Bite              |    10 |    21 |    47 ||    78
       Short sword       |       |     4 |    16 ||    20
 Fire: Blowgun           |       |       |    19 ||    19
 Cast: Corona            |     5 |     1 |    10 ||    16
       Ensorcelled Hiber |    20 |    31 |    53 ||   104
       Confuse           |       |     3 |    26 ||    29
       Ozocubu's Armour  |       |       |     3 ||     3
 Abil: Bat Form          |       |       |     1 ||     1
  Use: Potion            |       |       |     2 ||     2
 Stab: Sleeping          |    18 |    25 |    51 ||    94
       Confused          |       |     3 |    16 ||    19
       Distracted        |       |     1 |     1 ||     2
  Eat: Corpse            |    12 |    15 |    11 ||    38
Armor: Robe              |    65 |    37 |    66 ||   168
Dodge: Dodged            |   129 |   102 |   242 ||   473
